 Dungeon Crawl Stone Soup version 0.27.1-3-gb3d3a73c9e (webtiles) character file.

Game seed: 381940959712396316

3293 pkoi the Grappler (level 9, -13/80 HPs)
             Began as a Troll Monk on Oct 13, 2021.
             Was an Initiate of Ashenzari.
             Mangled by an orc warrior (16 damage)
             ... on level 9 of the Dungeon.
             The game lasted 00:13:17 (5981 turns).

pkoi the Grappler (Troll Monk)                      Turns: 5981, Time: 00:13:18

Health: -13/80     AC:  4    Str: 24    XL:     9   Next: 69%
Magic:  8/8        EV: 14    Int:  6    God:    Ashenzari [......]
Gold:   401        SH:  5    Dex: 12    Spells: 8/8 levels left

rFire    . . .     SeeInvis .     - Unarmed
rCold    . . .     Faith    .   (no shield)
rNeg     . . .     Spirit   .   a - +0 robe
rPois    .         Reflect  +   (helmet restricted)
rElec    .         Harm     .   o - scarf {+Inv}
rCorr    .         Rampage  .   (gloves unavailable)
Will     .....                  (boots unavailable)
Stlth    ++........             u - amulet of reflection
HPRegen  1.23/turn              d - +4 ring of evasion
MPRegen  0.11/turn              (no ring)

@: no status effects
A: large, unfitting armour, claws 3, regeneration 1, shaggy fur 1, tough skin 1
a: Renounce Religion, Evoke Invisibility, Curse Item


You were on level 9 of the Dungeon.
You worshipped Ashenzari.
Ashenzari was noncommittal.
You visited 2 branches of the dungeon, and saw 11 of its levels.

You collected 401 gold pieces.

Inventory:

Missiles
 l - 2 throwing nets (quivered)
Armour
 a - a +0 robe (worn)
 o - a scarf of invisibility (worn)
Jewellery
 d - a +4 ring of evasion (left claw)
 u - an amulet of reflection (around neck)
Wands
 p - a wand of iceblast (6)
 s - a wand of acid (8)
 v - a wand of flame (22)
Scrolls
 f - 3 scrolls of enchant weapon
 g - 2 scrolls of amnesia
 k - 3 scrolls of teleportation
 r - a scroll of fear
 t - a scroll of blinking
Potions
 b - a potion of resistance
 c - 2 potions of might
 e - 2 potions of heal wounds
 h - 6 potions of curing
 i - a potion of lignification
 j - 2 potions of flight
 m - 2 potions of brilliance
 n - a potion of cancellation
 q - a potion of ambrosia


   Skills:
 - Level 2.4 Fighting
 - Level 2.4 Dodging
 - Level 1.0 Stealth
 + Level 13.5 Unarmed Combat


You had 8 spell levels left.
You didn't know any spells.
Your spell library contained the following spells:

 Spells                   Type           Power      Damage    Failure   Level
 Magic Dart               Conj           0%         1d3       45%         1
 Searing Ray              Conj           0%         3d3       58%         2
 Sublimation of Blood     Necr           0%         N/A       58%         2
 Inner Flame              Hex/Fire       0%         N/A       83%         3
 Cause Fear               Hex            0%         N/A       99%         4
 Fulminant Prism          Conj/Hex       0%         3d6       99%         4
 Petrify                  Tmut/Erth      0%         N/A       99%         4
 Irradiate                Conj/Tmut      0%         3d14      100%        5
 Discord                  Hex            0%         N/A       100%        8


Dungeon Overview and Level Annotations

Branches:
Dungeon (10/15)            Temple (1/1) D:4
   Lair: D:8-11         Orc: D:9-12

Altars:
Ashenzari
Cheibriados
Dithmenos
Fedhas
Gozag
Hepliaklqana
Kikubaaqudgha
Nemelex Xobeh
Okawaru
Qazlal
Ru
Sif Muna
Uskayaw
Vehumet
Wu Jian
Xom
Yredelemnul
Zin
The Shining One

Shops:
D:4 =   D:8 *

Annotations:
D:4 3 runed translucent doors, Trumpetguy's ghost, amateur DEAE
D:9 Grum


Innate Abilities, Weirdness & Mutations

You are too large for most types of armour.
You have claws for hands.
Your natural rate of healing is unusually fast.
You are covered in fur. (AC +1)
You have tough skin. (AC +1)


Message History

The wolf misses you. The wolf closely misses you.
An orc warrior comes into view. It is wielding a +0 mace.
The orc warrior shouts!
You mangle the wolf!!
You kill the wolf!
The wolf misses you.
You mangle the wolf!!
You kill the wolf!
Something hits you!! Something hits you!
You are too injured to fight recklessly!
You are too injured to fight recklessly!
You are too injured to fight recklessly!
You are too injured to fight recklessly!
You are too injured to fight recklessly!
You are too injured to fight recklessly!
You are too injured to fight recklessly!
You are too injured to fight recklessly!
You are too injured to fight recklessly!
You are too injured to fight recklessly!
You are too injured to fight recklessly!
You are too injured to fight recklessly!
You are too injured to fight recklessly!
You are too injured to fight recklessly!
You are too injured to fight recklessly!
You claw something! Something hits you.
You barely miss something. You scratch something. You block something's attack.
The orc warrior misses you.
You miss something. Something hits you. The orc warrior barely misses you.
You scratch something. Something hits you!
* * * LOW HITPOINT WARNING * * *
You claw something! The orc warrior barely misses you.
You barely miss something. Something hits you!!
* * * LOW HITPOINT WARNING * * *
You block the orc warrior's attack.
You miss something. Something hits you!
* * * LOW HITPOINT WARNING * * *
The orc warrior hits you with a +0 mace!
You die...

........#
#.......# ..
.......# ....
#...... ..###
#....###.....
#..........
##..o.....#
#...@{...#
###..†...# .##.
#......##....##
+......#......#
#..!......#...#
#........##...#
#.............#
#..........#
.......#....>..#


You could see an orc warrior.

Vanquished Creatures
  A troll (D:7)
  Menkaure (D:4)
  A water moccasin (D:5)
  2 orc warriors
  2 sky beasts
  2 ice beasts
  A hornet zombie (D:7)
  A black bear (D:7)
  A centaur (D:5)
  2 necrophages
  3 ogres
  A phantom (D:4)
  2 wolves (D:9)
  2 kobold brigands (D:7)
  2 bullfrogs
  3 scorpions
  3 water moccasin skeletons
  A killer bee (D:10)
  2 wights (D:7)
  A bullfrog zombie (D:3)
  2 hounds (D:7)
  An orc priest (D:4)
  2 iguanas
  2 jellies
  2 gnoll shamans
  A scorpion zombie (D:5)
  3 orc wizards
  A hound skeleton (D:5)
  12 gnolls
  4 adders
  An ufetubus (D:6)
  3 adder skeletons
  3 dart slugs
  19 orcs
  8 endoplasms
  6 giant cockroaches
  9 goblins
  5 hobgoblins
  3 jackals (D:2)
  4 quokkas
  8 ball pythons
  4 bats
  2 frilled lizards (D:2)
  A jackal skeleton (D:4)
  9 kobolds
  5 rats
154 creatures vanquished.

Notes
Turn   | Place    | Note
-------+----------+-------------------------------------------
     0 | D:1      | pkoi the Troll Monk began the quest for the Orb.
     0 | D:1      | Reached XP level 1. HP: 22/22 MP: 0/0
    44 | D:1      | Reached XP level 2. HP: 24/29 MP: 1/1
   249 | D:1      | Reached skill level 4 in Unarmed Combat
   391 | D:1      | Reached XP level 3. HP: 24/36 MP: 2/2
   791 | D:2      | Found a faded altar of an unknown god.
  1128 | D:2      | Reached XP level 4. HP: 44/44 MP: 3/3
  1286 | D:3      | Reached skill level 5 in Unarmed Combat
  1511 | D:3      | Reached XP level 5. HP: 34/50 MP: 4/4
  1545 | D:3      | Reached skill level 6 in Unarmed Combat
  1795 | D:3      | Found a hide-covered altar of Uskayaw.
  2198 | D:4      | Found a staircase to the Ecumenical Temple.
  2203 | D:4      | Noticed Menkaure
  2211 | Temple   | Entered the Ecumenical Temple
  2324 | D:4      | Killed Menkaure
  2325 | D:4      | Reached skill level 7 in Unarmed Combat
  2325 | D:4      | Reached XP level 6. HP: 36/59 MP: 5/5
  2358 | D:4      | Found Misi's Jewellery Emporium.
  2462 | D:4      | Found a runed translucent gate.
  2462 | D:4      | Found a runed translucent gate.
  2462 | D:4      | Found a runed translucent gate.
  2464 | D:4      | Noticed Trumpetguy's ghost (amateur DEAE)
  2469 | D:4      | Noticed an orc warrior
  2485 | D:4      | Killed an orc warrior
  2546 | D:4      | Reached skill level 8 in Unarmed Combat
  2768 | D:4      | Reached XP level 7. HP: 21/66 MP: 6/6
  3032 | D:5      | Entered Level 5 of the Dungeon
  3081 | D:5      | Reached skill level 9 in Unarmed Combat
  3155 | D:5      | Reached XP level 8. HP: 28/74 MP: 7/7
  3220 | D:5      | Reached skill level 10 in Unarmed Combat
  3703 | D:5      | Found a broken altar of Ashenzari.
  3710 | D:5      | Became a worshipper of Ashenzari the Shackled
  4271 | D:6      | Reached skill level 11 in Unarmed Combat
  4831 | D:6      | Found a hazy altar of Hepliaklqana.
  5023 | D:7      | Reached XP level 9. HP: 40/80 MP: 8/8
  5095 | D:7      | Reached skill level 12 in Unarmed Combat
  5174 | D:7      | Noticed a troll
  5174 | D:7      | Noticed a four-headed hydra
  5494 | D:7      | Killed a troll
  5688 | D:7      | Reached skill level 13 in Unarmed Combat
  5736 | D:7      | Identified the +6 chain mail of Decompression {rN+ Will+
                  | MP+9}
  5769 | D:8      | Found Xuhausch's Assorted Antiques.
  5875 | D:8      | Noticed a two-headed ogre
  5901 | D:9      | Noticed a two-headed ogre
  5907 | D:10     | Entered Level 10 of the Dungeon
  5966 | D:9      | Noticed Grum
  5981 | D:9      | HP: 3/80 [something (11)]
  5981 | D:9      | Mangled by an orc warrior

Illustrated notes

Levels and vault maps discovered:
D:1:      scummos_arrival_simple_crosswalls, layout_basic, serial_glass,
          glass_columns_a, glass_columns_b, glass_columns_a, glass_columns_c,
          minmay_box_of_dots
D:2:      layout_rooms, ebering_ecumenical_altar_mist
D:3:      layout_loops_ring, amcnicky_altar_gilded,
          corexii_item_surrounded_by_moat, hangedman_abyss_or_decor_lesser_grid
D:4:      layout_gridville, minmay_temple_entry_tees, gammafunk_ghost_split,
          serial_shops, nicolae_diamond_shop, uniq_menkaure
D:5:      minmay_recursive_quarters, layout_loops_ring,
          mainiacjoe_overflow_brackets, chequers_serial_rivers_room_a
D:6:      layout_loops_ring, nicolae_hepliaklqana_hippocampus
D:7:      nzn_winding_woodlands_medium [nzn_winding_woodlands_hourglass,
          nzn_winding_woodlands_5x15_twine, nzn_winding_woodlands_5x5_cross,
          nzn_winding_woodlands_5x5_perimeter,
          nzn_winding_woodlands_center_lodge, nzn_winding_woodlands_5x5_default,
          nzn_winding_woodlands_5x5_closed_star,
          nzn_winding_woodlands_5x15_jagged, nzn_winding_woodlands_5x5_default],
          layout_basic, overflow_temple_1_default
D:8:      layout_cave_pools, serial_shops, shop
D:9:      minmay_the_grid_triangle_9x9_recursive_2_mashed
          [minmay_the_grid_triangle_9x9_prize_schism,
          minmay_the_grid_triangle_9x9_alien,
          minmay_the_grid_triangle_9x9_limited_checkers,
          minmay_the_grid_triangle_9x9_zippers_vertical], layout_cave_pools,
          mainiacjoe_overflow_alcove_4, david_orc_4, minmay_nine_imps, uniq_grum
D:10:     layout_loops_ring, nicolae_elyvilon_peaceful_grove, erik_lair_island,
          hellmonk_guarded_unrand_dark_maul
Temple:   compressed_dpeg_circular_temple

Skill      XL: |  1  2  3  4  5  6  7  8  9 |
---------------+----------------------------+-----
Unarmed Combat | 4 5 7 8 9 11 13 | 13.5
Fighting       | |  2.4
Dodging        | |  2.4
Stealth        | |  1.0

Action                   |  1- 3 |  4- 6 |  7- 9 || total
-------------------------+-------+-------+-------++-------
Melee: Unarmed           |   124 |   111 |   219 ||   454
       Punch             |     3 |     3 |    13 ||    19
 Stab: Sleeping          |     1 |       |     2 ||     3
       Distracted        |       |       |     2 ||     2
Armor: Robe              |    24 |    10 |    34 ||    68
Dodge: Dodged            |    79 |    74 |   137 ||   290
Block: Other             |       |       |    18 ||    18
